 Dungeon Crawl Stone Soup version 0.26.1-11-gd32895ea62 (webtiles) character file.

Game seed: 2709416633834805861

1068 KamiKatze the Chopper (level 8, -1/60 HPs)
             Began as a Merfolk Berserker on Apr 25, 2021.
             Was a Priest of Trog.
             Slain by a gnoll
             ... wielding a +0 flail
              (5 damage)
             ... on level 6 of the Dungeon.
             The game lasted 00:24:16 (5741 turns).

KamiKatze the Chopper (Merfolk Berserker)           Turns: 5741, Time: 00:24:17

Health: -1/60      AC: 11    Str: 19      XL:     8   Next: 28%
Magic:  8/8        EV:  6    Int:  7      God:    Trog [***...]
Gold:   310        SH:  0    Dex: 12 (13) Spells: 7/7 levels left

rFire    . . .     SeeInvis .   a - +0 hand axe
rCold    . . .     Faith    .   (no shield)
rNeg     . . .     Spirit   .   h - +0 scale mail
rPois    +         Reflect  .   w - +0 helmet
rElec    .         Harm     .   (no cloak)
rCorr    .         Rampage  .   (no gloves)
Will     ++...                  (no boots)
Stlth    ..........             (no amulet)
HPRegen  1.20/turn              i - +4 ring of protection
MPRegen  0.11/turn              b - ring of poison resistance

@: berserk cooldown, held, regenerating (expiring), slowed, very slow
A: change form in water, swift swim, stealthy swim
a: Renounce Religion, Berserk, Trog's Hand


You were on level 6 of the Dungeon.
You worshipped Trog.
Trog was most pleased with you.
You visited 2 branches of the dungeon, and saw 7 of its levels.

You collected 310 gold pieces.

Inventory:

Hand Weapons
 a - a +0 hand axe (weapon)
 p - a +3 spear
 q - a +0 flail of holy wrath
 r - a +0 war axe
 v - a +0 flail
Missiles
 c - 163 stones
 k - 19 poisoned darts (quivered)
Armour
 e - a +0 chain mail
 h - a +0 scale mail (worn)
 w - a +0 helmet (worn)
Jewellery
 b - a ring of poison resistance (right hand)
 i - a +4 ring of protection (left hand)
Wands
 m - a wand of acid (10)
Scrolls
 f - 2 scrolls of teleportation {unknown}
 g - 3 scrolls of enchant armour {unknown}
 j - 2 scrolls of magic mapping {unknown}
 l - a scroll of amnesia {unknown}
 o - a scroll of immolation {unknown}
 u - a scroll of fear {unknown}
Potions
 d - 4 potions of curing
 n - a potion of lignification {unknown}
 s - a potion of haste
 t - a potion of invisibility


   Skills:
 - Level 4.0 Fighting
 * Level 7.9 Axes
 - Level 2.0 Armour
 - Level 3.0 Dodging


You had 7 spell levels left.
You didn't know any spells.
Your spell library was empty.

Dungeon Overview and Level Annotations

Branches:
Dungeon (6/15)             Temple (1/1) D:4

Altars:
Cheibriados
Dithmenos
Elyvilon
Fedhas
Gozag
Hepliaklqana
Kikubaaqudgha
Nemelex Xobeh
Okawaru
Ru
Sif Muna
Trog
Uskayaw
Vehumet
Wu Jian
Xom
Yredelemnul
Zin
The Shining One

Shops:
D:4 ?

Annotations:
D:6 Dowan, Duvessa


Message History

You struggle against the net.
The gnoll hits you from afar with a +0 halberd!
* * * LOW HITPOINT WARNING * * *
The gnoll hits you.
* * * LOW HITPOINT WARNING * * *
Dowan, Brother of Duvessa comes into view.
He is wielding a +2 dagger of speed.
You struggle against the net.
You feel your anger nearly subside.
You are no longer berserk.
You are exhausted.
You feel yourself slow down.
Dowan shouts!
The gnoll hits you from afar with a +0 spear.
* * * LOW HITPOINT WARNING * * *
The gnoll hits you.
* * * LOW HITPOINT WARNING * * *
The ice beast hits you but does no damage.
The gnoll hits you from afar with a +4 halberd.
* * * LOW HITPOINT WARNING * * *
The gnoll hits you but does no damage. The gnoll hits you with a +0 flail.
You die...

.... ......
####e#.......
....#.#.... .
#....#... ..
#..Z... ...
.###..?..####..(
........ge...#
......ggg....#
).....gg@g...#
.......Y.....#
....>........#
.............#
......##....##
...... #.####
...... #.# ####
..#


You could see Duvessa, an ice beast, Dowan, 7 gnolls and a worker ant zombie.

Vanquished Creatures
  An orc warrior (D:4)
  A phantom (D:4)
  A necrophage (D:4)
  2 ogres
  A scorpion (D:5)
  A howler monkey (D:5)
  A quasit (D:5)
  A hound (D:4)
  A jelly (D:5)
  2 orc priests
  2 worker ants
  3 orc wizards (D:4)
  A hound zombie (D:5)
  4 gnolls
  13 adders
  An ooze (D:5)
  An adder skeleton (D:4)
  2 worms
  2 leopard geckos
  9 orcs
  4 bats
  8 giant cockroaches
  11 goblins
  5 hobgoblins
  8 jackals
  2 quokkas
  9 ball pythons (D:4)
  4 frilled lizards
  7 kobolds
  A leopard gecko skeleton (D:4)
  7 rats
116 creatures vanquished.

Vanquished Creatures (others)
  A leopard gecko (D:5)
  An orc (D:5)
2 creatures vanquished.

Grand Total: 118 creatures vanquished

Notes
Turn   | Place    | Note
-------+----------+-------------------------------------------
     0 | D:1      | KamiKatze the Merfolk Berserker began the quest for the
                  | Orb.
     0 | D:1      | Reached XP level 1. HP: 18/18 MP: 1/1
   279 | D:1      | Reached XP level 2. HP: 22/24 MP: 2/2
  1167 | D:2      | Reached skill level 3 in Axes
  1167 | D:2      | Reached XP level 3. HP: 23/29 MP: 3/3
  1422 | D:2      | Reached ** piety under Trog
  1706 | D:2      | Found a white marble altar of Elyvilon.
  1808 | D:2      | Found a sacrificial altar of Ru.
  2076 | D:3      | Reached XP level 4. HP: 30/37 MP: 4/4
  2621 | D:3      | Reached XP level 5. HP: 42/42 MP: 5/5
  2628 | D:3      | Reached skill level 4 in Axes
  3037 | D:4      | Reached *** piety under Trog
  3179 | D:4      | Reached XP level 6. HP: 36/48 MP: 6/6
  3257 | D:4      | Noticed a phantom
  3316 | D:4      | Killed a phantom
  3317 | D:4      | Reached skill level 5 in Axes
  3474 | D:4      | Reached XP level 7. HP: 42/54 MP: 7/7
  3594 | D:4      | Reached skill level 6 in Axes
  3615 | D:4      | Found Ecwem's Magic Scroll Boutique.
  3943 | D:4      | Found a staircase to the Ecumenical Temple.
  3952 | Temple   | Entered the Ecumenical Temple
  4372 | D:4      | Reached skill level 7 in Axes
  4597 | D:5      | Entered Level 5 of the Dungeon
  4667 | D:5      | Reached XP level 8. HP: 43/60 MP: 8/8
  5149 | D:5      | Found a radiant altar of Vehumet.
  5361 | D:6      | Noticed a troll
  5732 | D:6      | Noticed Duvessa
  5740 | D:6      | Noticed Dowan
  5741 | D:6      | Slain by a gnoll

Illustrated notes

Levels and vault maps discovered:
D:1:      ncdulo_lavacross, layout_basic, grunt_decor_arrowhead
D:2:      layout_loops_ring, nicolae_ru_awakened_eye, lemuel_round_altar,
          serial_glass, glass_columns_c, glass_columns_a, glass_columns_a,
          glass_columns_c
D:3:      layout_basic
D:4:      layout_gridville, minmay_temple_entry_slanted, serial_shops,
          nicolae_shop_stone, minmay_snake_closets
D:5:      lemuel_ice_spiral_2, layout_rooms, kennysheep_mini
D:6:      layout_basic, uniq_maggie, uniq_duvessa
Temple:   eino_temple_rhombus

Skill      XL: |  1  2  3  4  5  6  7 |
---------------+----------------------+-----
Dodging        | 3 |  3.0
Axes           | 3 4 5 7 |  7.9
Fighting       | 4 |  4.0
Armour         | 2 |  2.0

Action                   |  1- 3 |  4- 6 |  7- 9 || total
-------------------------+-------+-------+-------++-------
Melee: Hand axe          |    97 |   201 |   160 ||   458
       Flail             |       |     9 |       ||     9
Throw: Dart              |       |       |     4 ||     4
       Stone             |       |       |     3 ||     3
Invok: Berserk           |     3 |     5 |     7 ||    15
       Trog's Hand       |       |     4 |     2 ||     6
  Use: Scroll            |       |     3 |       ||     3
 Stab: Sleeping          |     3 |       |       ||     3
Armor: Animal skin       |    18 |       |       ||    18
       Leather armour    |       |    17 |       ||    17
       Ring mail         |       |    60 |    24 ||    84
       Scale mail        |       |       |    64 ||    64
Dodge: Dodged            |    74 |   167 |    92 ||   333
